Workbook

Sheet Capital propre dissimulé
A4: Raison sociale :
A6: N° de contribuable :
A9: CAPITAL PROPRE DISSIMULE | D9: =Données!C43 -> 2025
A10: Selon art. 70 al. 2 litt c et 79 al. 2 litt b LI; art. 65 LIFD; lettre-circulaire no 6/97 AFC
A12: Actifs | B12: Valeurs déterminantes | C12: Dettes admises | D12: Dettes admises en CHF
A13: Liquidités | B13: 100000 | C13: 1 | D13: =B13*C13 -> 100000
A14: Créances pour livraisons et prestations ./. Ducroire | B14: 0 | C14: 0.85 | D14: =B14*C14 -> 0 | F14: Année de taxation
A15: Autres créances | B15: 0 | C15: 0.85 | D15: =B15*C15 -> 0
A16: Stock de marchandises | B16: 0 | C16: 0.85 | D16: =B16*C16 -> 0 | F16: Type de société
A17: Autres actifs circulants | B17: 0 | C17: 0.85 | D17: =B17*C17 -> 0
A18: Obligations suisses et étrangères en francs suisses | B18: 0 | C18: 0.9 | D18: =B18*C18 -> 0 | F18: Autre taux jusqu'à 1 million | H18: 0
A19: Obligations étrangères en monnaie étrangère | B19: 0 | C19: 0.8 | D19: =B19*C19 -> 0
A20: Actions cotées suisses et étrangères | B20: 0 | C20: 0.6 | D20: =B20*C20 -> 0 | F20: Autre taux à partir de 1 million | H20: 0
A21: Autres actions et parts de sàrl | B21: 0 | C21: 0.5 | D21: =B21*C21 -> 0
A22: Participations | B22: 0 | C22: 0.7 | D22: =B22*C22 -> 0
A23: Prêts | B23: 0 | C23: 0.85 | D23: =B23*C23 -> 0 | F23: Références :
A24: Installations, machines, outillage, etc. | B24: 0 | C24: 0.5 | D24: =B24*C24 -> 0 | F24: Circulaire AFC 6a/24 du 10 octobre 2024 - Capital propre dissimulé
A25: Immeubles d'exploitation | B25: 0 | C25: 0.7 | D25: =B25*C25 -> 0 | F25: Lettre-circulaire AFC - Taux d'intérêts 2025
A26: Villas, PPE, maisons de vacances et terrains à bâtir | B26: 0 | C26: 0.7 | D26: =B26*C26 -> 0 | F26: Lettre circulaire AFC - Taux d'intérêts 2024
A27: Autres immeubles | B27: 0 | C27: 0.8 | D27: =B27*C27 -> 0 | F27: Lettre-circulaire AFC - Taux d'intérêts 2023
A28: Frais de constitution et d'organisation | B28: 0 | C28: 0 | D28: =B28*C28 -> 0 | F28: Lettre-circulaire AFC - Taux d'intérêts 2022
A29: Autres actifs immatériels | B29: 0 | C29: 0.7 | D29: =B29*C29 -> 0
A30: Total des actifs | B30: =SUM(B13:B29) -> 100000
A31: Total des dettes admises | D31: =SUM(D13:D29) -> 100000
A32: Moins fonds étrangers totaux (y compris provisions admises fiscalement) | C32: ./.
A33: en (-) = Sous-capitalisation de la société | D33: =D31-D32 -> 100000
A35: Prêts directs ou indirects accordés par les actionnaires ou personnes proches
A37: Capital propre dissimulé (à mentionner sous chiffre 14 de la déclaration) | D37: =IF(D33<0,IF(-D33>D35,-D35,D33),"0") -> 0
A41: Prêts directs ou indirects accordés par les actionnaires ou personnes proches | D41: =D35 -> 0
A42: ./. Capital propre dissimulé | D42: =D37*-1 -> 0
A43: Prêts des actionnaires ou personnes proches admis | D43: =D41-D42 -> 0
A45: Intérêts comptabilisés sur prêts des actionnaires ou personnes proches
A46: ./. Intérêts admis (selon lettre-circulaire AFC) jusqu'à CHF 1 million | B46: =Données!C45 -> 0.035 | C46: =IF(D43<1000000,D43,1000000) -> 0 | D46: =MROUND(C46*B46,1) -> 0
A47: ./. Intérêts admis (selon lettre-circulaire AFC) à partir de CHF 1 million | B47: =Données!C46 -> 0.0175 | C47: =D43-C46 -> 0 | D47: =MROUND(C47*B47,1) -> 0
A48: Intérêts sur le capital propre dissimulé (à mentionner sous chiffre 2.1.7 de la déclaration) | D48: =IF((D45-D47-D46)<0,0,(D45-D47-D46)) -> 0
A51: Seule la décision de taxation effectuée par le Service des contributions lors de la notification du décompte final fait foi.
B54: =TODAY() -> 46003

Sheet Données
A4: Cellule liée | B4: 4 | C4: Normal 1 | D4: Normal 2 | E4: Immo 1 | F4: Immo 2 | G4: ImmoI 1 | H4: ImmoI 2 | I4: Holding 1 | J4: Holding 2 | K4: Report taux man. 1 | L4: Report taux man. 2
A5: 1 | B5: 2022 | C5: 0.03 | D5: 0.01 | E5: 0.01 | F5: 0.0175 | G5: 0.015 | H5: 0.0225 | I5: 0.025 | J5: 0.0075 | K5: ='Capital propre dissimulé'!H18 -> 0 | L5: ='Capital propre dissimulé'!H20 -> 0
A6: 2 | B6: 2023 | C6: 0.0375 | D6: 0.0225 | E6: 0.0225 | F6: 0.03 | G6: 0.0275 | H6: 0.035 | I6: 0.0325 | J6: 0.02 | K6: ='Capital propre dissimulé'!H18 -> 0 | L6: ='Capital propre dissimulé'!H20 -> 0
A7: 3 | B7: 2024 | C7: 0.0375 | D7: 0.02 | E7: 0.0225 | F7: 0.03 | G7: 0.0275 | H7: 0.035 | I7: 0.0325 | J7: 0.0175 | K7: ='Capital propre dissimulé'!H18 -> 0 | L7: ='Capital propre dissimulé'!H20 -> 0
A8: 4 | B8: 2025 | C8: 0.035 | D8: 0.0175 | E8: 0.0125 | F8: 0.02 | G8: 0.0175 | H8: 0.025 | I8: 0.03 | J8: 0.015 | K8: ='Capital propre dissimulé'!H18 -> 0 | L8: ='Capital propre dissimulé'!H18 -> 0
A9: 5 | B9: 2026
A10: 6 | B10: 2027
A11: 7 | B11: 2028
A12: 8 | B12: 2029
A13: 9 | B13: 2030
A14: 10 | B14: 2031
A15: 11 | B15: 2032
A17: Report colonne 1 | C17: =VLOOKUP(B23,A24:C28,3) -> 0
A18: Report colonne 2 | C18: =VLOOKUP(B23,A24:D28,4) -> 1
A20: Taux à reporter 1 | C20: =VLOOKUP(B4,A5:L15,3+C17,FALSE) -> 0.035
A21: Taux à reporter 2 | C21: =VLOOKUP(B4,A5:L15,3+C18,FALSE) -> 0.0175
A23: Cellule liée | B23: 1
A24: 1 | B24: Commerce et industrie | C24: 0 | D24: 1
A25: 2 | B25: Société immobilière (habitation) | C25: 2 | D25: 3
A26: 3 | B26: Société immobilière (Industrie) | C26: 4 | D26: 5
A27: 4 | B27: Holding | C27: 6 | D27: 7
A28: 5 | B28: Autre taux (définir ci-dessous) | C28: 8 | D28: 9
A43: Année à reporter | C43: =VLOOKUP(B4,A5:C14,2,FALSE) -> 2025
A45: Taux à reporter 1 | C45: =IF(B23=5,K5,C20) -> 0.035
A46: Taux à reporter 2 | C46: =IF(B23=5,L5,C21) -> 0.0175
